 Dungeon Crawl Stone Soup version 0.23.2-1-ga50397a6bc (webtiles) character file.

Game seed: 5039475657644597035

41 Hanswurst the Chopper (level 3, -2/30 HPs)
             Began as a Hill Orc Skald on May 18, 2019.
             Slain by a worm (8 damage)
             ... on level 2 of the Dungeon.
             The game lasted 00:09:10 (1587 turns).

Hanswurst the Chopper (Hill Orc Skald)              Turns: 1587, Time: 00:09:11

Health: -2/30      AC:  8    Str: 14    XL:     3   Next: 52%
Magic:  5/5        EV:  8    Int: 13    God:
Gold:   50         SH:  3    Dex: 10    Spells: 4/5 levels left

rFire    . . .     SeeInvis .   a - +0 hand axe
rCold    . . .     Gourm    .   i - +0 buckler
rNeg     . . .     Faith    .   n - +0 scale mail
rPois    .         Spirit   .   e - +0 helmet
rElec    .         Reflect  .   (no cloak)
rCorr    .         Harm     .   (no gloves)
MR       .....                  h - +0 pair of boots
Stlth    ..........             (no amulet)
HPRegen  0.10/turn              (no ring)
MPRegen  0.09/turn              (no ring)

@: no status effects
A: no striking features
a: no special abilities


You were on level 2 of the Dungeon.
You were very hungry.

You visited 1 branch of the dungeon, and saw 2 of its levels.

You collected 50 gold pieces.

Inventory:

Hand Weapons
 a - a +0 hand axe (weapon)
 o - a +0 hand axe
Armour
 b - a +0 leather armour
 c - a +0 ring mail
 e - a +0 helmet (worn)
 h - a +0 pair of boots (worn)
 i - a +0 buckler (worn)
 n - a +0 scale mail (worn)
Jewellery
 q - a +2 ring of strength {unknown}
Wands
 l - a wand of digging (6)
Scrolls
 f - 5 scrolls of identify {unknown}
 k - a scroll of teleportation {unknown}
 p - a scroll of magic mapping {unknown}
 r - a scroll of immolation {unknown}
Potions
 g - 3 potions of curing {unknown}
 j - a potion of agility {unknown}
 m - a potion of haste {unknown}
Comestibles
 d - 3 rations
 s - 2 chunks of flesh


   Skills:
 + Level 2.5 Fighting
 + Level 3.3 Axes
 + Level 1.8 Armour
 + Level 1.7 Dodging
 + Level 0.3 Stealth
 + Level 0.1 Shields
 + Level 1.7 Spellcasting
 + Level 3.0 Charms


You had 4 spell levels left.
You knew the following spells:

 Your Spells              Type           Power        Failure   Level  Hunger
a - Infusion              Chrm           #...         45%         1    ##.....

Your spell library contained the following spells:

 Spells                   Type           Power        Failure   Level  Hunger
 Song of Slaying          Chrm           #.......     61%         2    ###....
 Shroud of Golubria       Chrm/Tloc      #.........   83%         2    ###....
 Regeneration             Chrm/Necr      #.........   96%         3    ####...
 Spectral Weapon          Hex/Chrm       #.......     96%         3    ####...


Dungeon Overview and Level Annotations

Branches:
Dungeon (2/15)

Altars:
Gozag


Message History

No target in view!
r - a scroll labeled GUYSES RAROAMOY You see here a giant cockroach corpse.
You butcher the giant cockroach corpse.
s - 2 chunks of flesh A worm comes into view.
You see here a scroll labeled HIATHRO PIEMI.
f - 5 scrolls labeled HIATHRO PIEMI (gained 1)
The worm barely misses you.
You barely miss the worm. You hit the worm.
The worm is lightly wounded.
The worm bites you but does no damage.
You barely miss the worm. The worm bites you!
You barely miss the worm. The worm bites you!
You hit the worm but do no damage. The worm bites you!
* * * LOW HITPOINT WARNING * * *
The worm bites you!
You die...

..........#.#####.#.####....
..######.............#...... ..#
#.###..###........... ### #.#
##...........#... #.#
#..........###.. #.#
#............... #.#
#.........#######. #.#
#.........##.....#
########.######.@###...........
....##.....# #.w.............#
###......(.####..####w##.......
###............####...###.....
###........#..###...........##..
..................#####w.......#
...###.....######## ###........#
####....).)##########..........#
#..................#........#


You could see 2 worms.

Vanquished Creatures
  A dart slug (D:1)
  2 leopard geckos (D:1)
  2 ball pythons
  5 bats
  3 giant cockroaches
  8 goblins
  4 hobgoblins (D:1)
  3 kobolds (D:1)
  A frilled lizard (D:1)
  3 rats (D:1)
32 creatures vanquished.

Notes
Turn   | Place    | Note
-------+----------+-------------------------------------------
     0 | D:1      | Hanswurst the Hill Orc Skald began the quest for the Orb.
     0 | D:1      | Reached XP level 1. HP: 18/18 MP: 3/3
   493 | D:1      | Reached XP level 2. HP: 20/25 MP: 4/4
   853 | D:1      | Reached XP level 3. HP: 21/30 MP: 5/5
  1485 | D:2      | Found an opulent altar of Gozag.
  1587 | D:2      | Slain by a worm

Skill      XL: |  1  2 |
---------------+-------+-----
Axes           | 3 |  3.3
Charms         | 3 |  3.0
Fighting       | |  2.5
Armour         | |  1.8
Dodging        | |  1.7
Stealth        | |  0.3
Shields        | |  0.1
Spellcasting   | |  1.7

Action                   || total
-------------------------++-------
Melee: Hand axe          ||   118
  Eat: Chunk             ||     1
Armor: Ring mail         ||    39
       Scale mail        ||    20
Dodge: Dodged            ||    84
Block: Buckler           ||     7
